3AAA
AUGUSTA TIMBER HAWKS @ INDIANAPOLIS RACERS
08/29/2039
 
TOP OF THE 1ST
Augusta Timber Hawks batting - Pitching for Indianapolis Racers : RHP Juan Vias
Pitching: RHP Juan Vias
Batting: SHB Francisco Enríquez 0-0: Bunt missed!
0-1: Called Strike
0-2: Ball
1-2: SINGLE (Line Drive, 34, EV 97.5 MPH)
Batting: RHB Scott Dourque 0-0: SINGLE (Groundball, 6MD, EV 98.1 MPH)
Francisco Enríquez to second
Runner from 2nd tries for 3rd, SAFE, no throw by CF
Batting: RHB Richello Oliva 0-0: Called Strike
0-1: SINGLE (Groundball, 3, EV 85.6 MPH) (infield hit)
Francisco Enríquez scores
Scott Dourque to second
Batting: SHB Roger Dorn 0-0: 3-RUN HOME RUN (Flyball, 78XD, EV 88.8 MPH), Distance : 405 ft
Batting: LHB Seung-soo Ch'ae 0-0: Called Strike
0-1: Ball
1-1: Ball
2-1: SINGLE (Groundball, 56D, EV 107.5 MPH)
Batting: RHB Pat Sizemore 0-0: Ball
1-0: Grounds into double play, 6-4-3 (Groundball, 6, EV 104.4 MPH)
Batting: LHB Royce Foster 0-0: Ball
1-0: Swinging Strike
1-1: Ball
2-1: Ball
3-1: Swinging Strike
3-2: Foul Ball, location: 2F
3-2: Strikes out looking
Top of the 1st over - 4 runs, 5 hits, 0 errors, 0 left on base; Augusta 4 - Indianapolis 0
BOTTOM OF THE 1ST
Indianapolis Racers batting - Pitching for Augusta Timber Hawks : RHP Nicolas Roche
Pitching: RHP Nicolas Roche
Batting: LHB Roberto Vázquez 0-0: Called Strike
0-1: Ball
1-1: Ball
2-1: Called Strike
2-2: Ball
3-2: Base on Balls
Batting: LHB Luis Aranda 0-0: Ball
Roberto Vázquez steals 2nd base
1-0: Called Strike
1-1: Foul Ball, location: 2F
1-2: Foul Ball, location: 2F
1-2: Ground out 6-3 (Groundball, 6, EV 83.8 MPH)
Roberto Vázquez to third
Batting: RHB Axel Ruschmeyer 0-0: Called Strike
0-1: Hit by Pitch
Batting: LHB Derek Healey 0-0: Ball
1-0: Ball
2-0: Foul Ball, location: 2F
2-1: Called Strike
2-2: Foul Ball, location: 2F
2-2: Foul Ball, location: 2F
2-2: DOUBLE (Flyball, 8LXD, EV 96.2 MPH)
Roberto Vázquez scores
Axel Ruschmeyer to third
Runner from 3rd tries for Home, SAFE, no throw by CF
Batting: RHB Chris Walters 0-0: Called Strike
0-1: Called Strike
0-2: Ground out 5-3 (Groundball, 56S, EV 76.2 MPH)
Derek Healey to third
Batting: RHB Spartak Gonjarov 0-0: Swinging Strike
0-1: Fly out, F9 (Line Drive, 9, EV 87.5 MPH)
Bottom of the 1st over - 2 runs, 1 hit, 0 errors, 1 left on base; Augusta 4 - Indianapolis 2
TOP OF THE 2ND
Augusta Timber Hawks batting - Pitching for Indianapolis Racers : RHP Juan Vias
Batting: RHB Junior Young 0-0: Ball
1-0: Foul Ball, location: 2F
1-1: Foul Ball, location: 2F
1-2: Ball
2-2: Ball
3-2: Ground out 6-3 (Groundball, 6, EV 77.5 MPH)
Batting: LHB Connor Petty 0-0: Ball
1-0: Ball
2-0: DOUBLE (Flyball, 89D, EV 87.5 MPH)
Batting: SHB Francisco Enríquez 0-0: Reached via error on a dropped throw from 3B, E3 (Groundball, 56, EV 82.5 MPH)
Connor Petty to third
Batting: RHB Scott Dourque 0-0: Ball
Francisco Enríquez is caught stealing 2nd base 2-4
1-0: Ball
2-0: Ball
3-0: Called Strike
3-1: Foul Ball, location: 2F
3-2: Ground out 4-3 (Groundball, 34, EV 91.9 MPH)
Top of the 2nd over - 0 runs, 1 hit, 1 error, 1 left on base; Augusta 4 - Indianapolis 2
BOTTOM OF THE 2ND
Indianapolis Racers batting - Pitching for Augusta Timber Hawks : RHP Nicolas Roche
Batting: LHB Gong Mao 0-0: Ball
1-0: Ball
2-0: Foul Ball, location: 2F
2-1: Foul Ball, location: 2F
2-2: Ground out U3 (Groundball, 3, EV 79.4 MPH)
Batting: RHB Paul Bader 0-0: Fly out, F8 (Flyball, 8LXD, EV 103.1 MPH)
Batting: RHB Dale Epner 0-0: Ball
1-0: Called Strike
1-1: Ball
2-1: Called Strike
2-2: Ground out 1-3 (Groundball, 13S, EV 66.9 MPH)
Bottom of the 2nd over - 0 runs, 0 hits, 0 errors, 0 left on base; Augusta 4 - Indianapolis 2
TOP OF THE 3RD
Augusta Timber Hawks batting - Pitching for Indianapolis Racers : RHP Juan Vias
Batting: RHB Richello Oliva 0-0: Swinging Strike
0-1: Ball
1-1: Fly out, F8 (Flyball, 8LM, EV 75.6 MPH)
Batting: SHB Roger Dorn 0-0: Ball
1-0: SINGLE (Line Drive, 89S, EV 91.9 MPH)
Batting: LHB Seung-soo Ch'ae 0-0: Foul Ball, location: 2F
0-1: Ball
1-1: Fielders Choice at 2nd, 6-4 (Groundball, 6D, EV 107.5 MPH)
Batting: RHB Pat Sizemore 0-0: Called Strike
Seung-soo Ch'ae steals 2nd base
0-1: Foul Ball, location: 2F
0-2: Ball
1-2: SINGLE (Line Drive, 9LS, EV 95.6 MPH)
Seung-soo Ch'ae to third
Runner from 3rd tries for Home, throw by RF and OUT! 9-2
Top of the 3rd over - 0 runs, 2 hits, 0 errors, 1 left on base; Augusta 4 - Indianapolis 2
BOTTOM OF THE 3RD
Indianapolis Racers batting - Pitching for Augusta Timber Hawks : RHP Nicolas Roche
Batting: LHB Roberto Vázquez 0-0: Called Strike
0-1: Fly out, F7 (Flyball, 78S, EV 86.2 MPH)
Batting: LHB Luis Aranda 0-0: Ball
1-0: Ground out 6-3 (Groundball, 6M, EV 86.9 MPH)
Batting: RHB Axel Ruschmeyer 0-0: Fly out, F4 (Popup, 4D, EV 59.4 MPH)
Bottom of the 3rd over - 0 runs, 0 hits, 0 errors, 0 left on base; Augusta 4 - Indianapolis 2
TOP OF THE 4TH
Augusta Timber Hawks batting - Pitching for Indianapolis Racers : RHP Juan Vias
Batting: LHB Royce Foster 0-0: Called Strike
0-1: Ground out 1-3 (Groundball, P, EV 86.9 MPH)
Batting: RHB Junior Young 0-0: Swinging Strike
0-1: Foul Ball, location: 2F
0-2: Ball
1-2: Foul Ball, location: 2F
1-2: Fly out, F4 (Popup, 4, EV 68.1 MPH)
Batting: LHB Connor Petty 0-0: SINGLE (Line Drive, 89M, EV 103.1 MPH)
Batting: SHB Francisco Enríquez 0-0: Foul Ball, location: 2F
0-1: Ball
1-1: Ball
2-1: Called Strike
2-2: SINGLE (Line Drive, 78S, EV 109.4 MPH)
Connor Petty to second
Pitching: RHP Thomas Careless
Batting: RHB Scott Dourque 0-0: Ball
1-0: Called Strike
1-1: Fielders Choice at 2nd, 5-4 (Groundball, 56, EV 88.1 MPH)
Top of the 4th over - 0 runs, 2 hits, 0 errors, 2 left on base; Augusta 4 - Indianapolis 2
BOTTOM OF THE 4TH
Indianapolis Racers batting - Pitching for Augusta Timber Hawks : RHP Nicolas Roche
Batting: LHB Derek Healey 0-0: SINGLE (Groundball, 4, EV 83.1 MPH) (infield hit)
Batting: RHB Chris Walters 0-0: Called Strike
0-1: Called Strike
0-2: Ball
1-2: Ball
2-2: Ball
3-2: Strikes out looking
Batting: RHB Spartak Gonjarov 0-0: Foul Ball, location: 2F
0-1: Fielders Choice at 2nd, 4-6 (Groundball, 4, EV 88.1 MPH)
Batting: LHB Gong Mao 0-0: Called Strike
0-1: Foul Ball, location: 2F
0-2: Ball
1-2: SINGLE (Flyball, 89M, EV 93.1 MPH)
Spartak Gonjarov to second
Runner from 2nd tries for 3rd, SAFE, throw by RF made to third
Batting: RHB Paul Bader 0-0: Called Strike
0-1: DOUBLE (Flyball, 89D, EV 92.5 MPH)
Spartak Gonjarov scores
Gong Mao to third
Batting: RHB Dale Epner 0-0: SINGLE (Groundball, 34D, EV 98.1 MPH)
Gong Mao scores
Paul Bader to third
Runner from 3rd tries for Home, throw by RF and OUT! 9-2
Bottom of the 4th over - 2 runs, 4 hits, 0 errors, 1 left on base; Augusta 4 - Indianapolis 4
TOP OF THE 5TH
Augusta Timber Hawks batting - Pitching for Indianapolis Racers : RHP Thomas Careless
Batting: RHB Richello Oliva 0-0: Ball
1-0: Called Strike
1-1: Foul Ball, location: 2F
1-2: Ball
2-2: Foul Ball, location: 2F
2-2: Ball
3-2: Ground out 4-3 (Groundball, 4, EV 88.8 MPH)
Batting: SHB Roger Dorn 0-0: Ball
1-0: Foul Ball, location: 2F
1-1: Called Strike
1-2: Strikes out swinging
Batting: LHB Seung-soo Ch'ae 0-0: Foul Ball, location: 2F
0-1: Ground out 6-3 (Groundball, 6, EV 83.8 MPH)
Top of the 5th over - 0 runs, 0 hits, 0 errors, 0 left on base; Augusta 4 - Indianapolis 4
BOTTOM OF THE 5TH
Indianapolis Racers batting - Pitching for Augusta Timber Hawks : RHP Nicolas Roche
Batting: LHB Roberto Vázquez 0-0: Called Strike
0-1: Foul Ball, location: 2F
0-2: Ground out U3 (Groundball, 34, EV 86.9 MPH)
Batting: LHB Luis Aranda 0-0: Ball
1-0: Ball
2-0: Swinging Strike
2-1: Ball
3-1: SINGLE (Groundball, 34D, EV 83.8 MPH) (infield hit)
Batting: RHB Axel Ruschmeyer 0-0: Called Strike
0-1: Ball
1-1: Called Strike
1-2: Ball
2-2: Fly out, F9 (Flyball, 9S, EV 75.6 MPH)
Batting: LHB Derek Healey 0-0: Ball
1-0: SINGLE (Groundball, 6D, EV 101.2 MPH)
Luis Aranda to second
Batting: RHB Chris Walters 0-0: Ball
1-0: Called Strike
1-1: Swinging Strike
1-2: Strikes out swinging
Bottom of the 5th over - 0 runs, 2 hits, 0 errors, 2 left on base; Augusta 4 - Indianapolis 4
TOP OF THE 6TH
Augusta Timber Hawks batting - Pitching for Indianapolis Racers : RHP Thomas Careless
Batting: RHB Pat Sizemore 0-0: Ground out 6-3 (Groundball, 6M, EV 85.0 MPH)
Batting: LHB Royce Foster 0-0: Called Strike
0-1: Ball
1-1: Ball
2-1: Called Strike
2-2: Strikes out swinging
Batting: RHB Junior Young 0-0: Ball
1-0: Called Strike
1-1: Ball
2-1: Foul Ball, location: 2F
2-2: Strikes out swinging
Top of the 6th over - 0 runs, 0 hits, 0 errors, 0 left on base; Augusta 4 - Indianapolis 4
BOTTOM OF THE 6TH
Indianapolis Racers batting - Pitching for Augusta Timber Hawks : RHP Nicolas Roche
Batting: RHB Spartak Gonjarov 0-0: SINGLE (Flyball, 9S, EV 87.5 MPH)
Batting: LHB Gong Mao 0-0: Ball
1-0: Fly out, F7 (Flyball, 7S, EV 89.4 MPH)
Batting: RHB Paul Bader 0-0: Ball
1-0: Called Strike
1-1: Ball
2-1: Fly out, F7 (Line Drive, 7, EV 103.8 MPH)
Batting: RHB Dale Epner 0-0: Called Strike
0-1: Swinging Strike
0-2: Strikes out looking
Bottom of the 6th over - 0 runs, 1 hit, 0 errors, 1 left on base; Augusta 4 - Indianapolis 4
TOP OF THE 7TH
Augusta Timber Hawks batting - Pitching for Indianapolis Racers : RHP Thomas Careless
Batting: LHB Connor Petty 0-0: Ball
1-0: Ball
2-0: Fly out, F8 (Line Drive, 8RM, EV 98.8 MPH)
Batting: SHB Francisco Enríquez 0-0: Called Strike
0-1: Called Strike
0-2: Ball
1-2: Ball
2-2: Reached via error on a dropped throw from P, E3 (Groundball, P, EV 67.5 MPH)
Batting: RHB Scott Dourque 0-0: Called Strike
0-1: Swinging Strike
0-2: Ball
1-2: Strikes out swinging
Batting: RHB Richello Oliva 0-0: Ball
Wild Pitch!
Francisco Enríquez to second
1-0: Ball
2-0: Ball
3-0: Called Strike
3-1: Base on Balls
Batting: SHB Roger Dorn 0-0: Ball
1-0: Ball
2-0: Ball
3-0: Called Strike
3-1: Foul Ball, location: 2F
3-2: Base on Balls
Francisco Enríquez to third
Richello Oliva to second
Batting: LHB Seung-soo Ch'ae 0-0: Called Strike
0-1: Swinging Strike
0-2: Foul Ball, location: 2F
0-2: Foul Ball, location: 2F
0-2: Ball
1-2: Strikes out swinging
Top of the 7th over - 0 runs, 0 hits, 1 error, 3 left on base; Augusta 4 - Indianapolis 4
BOTTOM OF THE 7TH
Indianapolis Racers batting - Pitching for Augusta Timber Hawks : RHP Nicolas Roche
Batting: LHB Roberto Vázquez 0-0: Ball
1-0: Swinging Strike
1-1: Swinging Strike
1-2: Strikes out swinging
Pitching: LHP Kenny James
Batting: LHB Luis Aranda 0-0: Ball
1-0: Ground out 1-3 (Groundball, P, EV 90.6 MPH)
Batting: RHB Axel Ruschmeyer 0-0: Foul Ball, location: 2F
0-1: Ball
1-1: Ground out 1-3 (Groundball, 13S, EV 67.5 MPH)
Bottom of the 7th over - 0 runs, 0 hits, 0 errors, 0 left on base; Augusta 4 - Indianapolis 4
TOP OF THE 8TH
Augusta Timber Hawks batting - Pitching for Indianapolis Racers : RHP Thomas Careless
Batting: RHB Pat Sizemore 0-0: Called Strike
0-1: Ball
1-1: Swinging Strike
1-2: Strikes out swinging
Batting: LHB Royce Foster 0-0: Ball
1-0: Ball
2-0: Called Strike
2-1: Swinging Strike
2-2: Fly out, F7 (Flyball, 78M, EV 81.9 MPH)
Batting: RHB Junior Young 0-0: Ball
1-0: Fly out, F9 (Flyball, 89M, EV 73.8 MPH)
Top of the 8th over - 0 runs, 0 hits, 0 errors, 0 left on base; Augusta 4 - Indianapolis 4
BOTTOM OF THE 8TH
Indianapolis Racers batting - Pitching for Augusta Timber Hawks : LHP Kenny James
Batting: LHB Derek Healey 0-0: Called Strike
0-1: Swinging Strike
0-2: Strikes out looking
Batting: RHB Chris Walters 0-0: Ball
1-0: Called Strike
1-1: SOLO HOME RUN (Line Drive, 78XD, EV 106.9 MPH), Distance : 399 ft
Batting: RHB Spartak Gonjarov 0-0: SINGLE (Groundball, 34, EV 103.1 MPH) (infield hit)
Batting: LHB Gong Mao 0-0: Ball
1-0: Ball
2-0: Foul Ball, location: 2F
2-1: Foul Ball, location: 2F
2-2: Strikes out swinging
Batting: RHB Paul Bader Balk!
Spartak Gonjarov to second
0-0: Swinging Strike
0-1: Called Strike
0-2: Ball
1-2: Ball
2-2: SINGLE (Groundball, 5D, EV 102.5 MPH)
Spartak Gonjarov to third
Runner from 3rd tries for Home, SAFE, throw by LF to home
Paul Bader to second
Batting: RHB Dale Epner 0-0: Ball
1-0: Called Strike
1-1: Swinging Strike
1-2: Strikes out swinging
Bottom of the 8th over - 2 runs, 3 hits, 0 errors, 1 left on base; Augusta 4 - Indianapolis 6
TOP OF THE 9TH
Augusta Timber Hawks batting - Pitching for Indianapolis Racers : RHP Thomas Careless
Pitching: RHP Mariano Bueno
Now in CF: Roberto Vázquez
Batting: LHB Connor Petty 0-0: Ball
1-0: Ball
2-0: Foul Ball, location: 2F
2-1: Ground out U3 (Groundball, 3, EV 83.8 MPH)
Batting: SHB Francisco Enríquez 0-0: Called Strike
0-1: Ball
1-1: Swinging Strike
1-2: Ball
2-2: Ball
3-2: Fly out, F9 (Line Drive, 9, EV 98.1 MPH)
Batting: RHB Scott Dourque 0-0: SINGLE (Groundball, 4MD, EV 95.0 MPH)
Batting: RHB Richello Oliva 0-0: Ball
1-0: Fielders Choice at 2nd, 6-4 (Groundball, 6, EV 103.1 MPH)
Top of the 9th over - 0 runs, 1 hit, 0 errors, 1 left on base; Augusta 4 - Indianapolis 6
Wednesday, July 8th, 2020 - OOTP Baseball 20.8 Build 74